 Dungeon Crawl Stone Soup version 0.26-a0-778-g3fe0686644 (webtiles) character file.

Game seed: 13650085647077891476

2240 robertstho the Frost Mage (level 9, -1/65 HPs)
             Began as a Gnoll Ice Elementalist on Nov 10, 2020.
             Slain by a wight
             ... wielding a +3 flail of freezing
              (4 damage)
             ... on level 6 of the Dungeon.
             The game lasted 00:12:08 (8031 turns).

robertstho the Frost Mage (Gnoll Ice Elementalist)  Turns: 8031, Time: 00:12:10

Health: -1/65      AC:  5    Str: 11    XL:     9   Next: 36%
Magic:  2/18       EV: 16    Int: 21    God:
Gold:   290        SH:  0    Dex: 15    Spells: 6/21 levels left

rFire    x . .     SeeInvis .   d - +1 dagger (venom)
rCold    + . .     Faith    .   (no shield)
rNeg     . . .     Spirit   .   a - +0 robe
rPois    +         Reflect  .   B - +0 helmet
rElec    .         Harm     .   s - +0 cloak
rCorr    .         Rampage  .   C - +0 pair of gloves
MR       .....                  (no boots)
Stlth    +++.......             (no amulet)
HPRegen  0.20/turn              y - ring of ice
MPRegen  0.16/turn              n - ring of poison resistance

@: lethally poisoned (-1 -> -5), frozen ramparts, very slightly contaminated,
lightly drained
A: distributed training, fangs 1, strong nose
a: no special abilities


You were on level 6 of the Dungeon.
You visited 1 branch of the dungeon, and saw 7 of its levels.

You collected 290 gold pieces.

Inventory:

Hand Weapons
 b - a +0 dagger
 d - a +1 dagger of venom (weapon)
 q - a +2 hand axe of flaming
 v - a +0 dagger of protection
Armour
 a - a +0 robe (worn)
 s - a +0 cloak (worn)
 B - a +0 helmet (worn)
 C - a +0 pair of gloves (worn)
Jewellery
 l - an uncursed ring of positive energy
 n - a ring of poison resistance (right hand)
 y - a ring of ice (left hand)
Wands
 g - a wand of enslavement (8)
 i - a wand of iceblast (9)
 m - a wand of flame (6)
 w - a wand of acid (8)
 x - a wand of random effects (15)
Scrolls
 c - 4 scrolls of noise {unknown}
 h - 3 scrolls of teleportation {unknown}
 j - 2 scrolls of enchant armour {unknown}
 k - a scroll of blinking {unknown}
 p - 4 scrolls of remove curse {unknown}
 r - a scroll of enchant weapon
Potions
 e - 2 potions of brilliance
 f - 3 potions of flight
 o - 3 potions of invisibility
 t - a potion of curing
 u - 2 potions of haste
 z - 2 potions of lignification {unknown}
 A - a potion of might {unknown}


   Skills:
 + Level 4.1(3.8) Fighting
 + Level 4.1(3.8) Short Blades
 + Level 4.1(3.8) Long Blades
 + Level 4.1(3.8) Axes
 + Level 4.1(3.8) Maces & Flails
 + Level 4.1(3.8) Polearms
 + Level 4.1(3.8) Staves
 + Level 4.1(3.8) Slings
 + Level 4.1(3.8) Bows
 + Level 4.1(3.8) Crossbows
 + Level 4.1(3.8) Throwing
 + Level 4.1(3.8) Armour
 + Level 6.2(5.9) Dodging
 + Level 6.0(5.6) Stealth
 + Level 4.1(3.8) Shields
 + Level 4.1(3.8) Unarmed Combat
 + Level 6.6(6.2) Spellcasting
 + Level 3.4(3.0) Conjurations
 + Level 3.4(3.0) Hexes
 + Level 3.4(3.0) Summonings
 + Level 3.4(3.0) Necromancy
 + Level 3.4(3.0) Translocations
 + Level 3.4(3.0) Transmutations
 + Level 3.4(3.0) Fire Magic
 + Level 8.0(7.6) Ice Magic
 + Level 3.4(3.0) Air Magic
 + Level 3.4(3.0) Earth Magic
 + Level 3.4(3.0) Poison Magic
 + Level 4.6(4.2) Invocations
 + Level 4.1(3.8) Evocations


You had 6 spell levels left.
You knew the following spells:

 Your Spells              Type           Power        Failure   Level
a - Freeze                Ice            ####         1%          1
b - Frozen Ramparts       Ice            ######       1%          3
c - Ozocubu's Armour      Ice            ######..     1%          3
d - Hailstorm             Conj/Ice       #####...     11%         4
e - Summon Ice Beast      Ice/Summ       #####...     11%         4

Your spell library contained the following spells:

 Spells                   Type           Power        Failure   Level


Dungeon Overview and Level Annotations

Branches:
Dungeon (7/15)
 Temple: D:4-7

Altars:
Ashenzari
Dithmenos
Hepliaklqana
Okawaru
Qazlal
Trog


Innate Abilities, Weirdness & Mutations

Your experience applies equally to all skills.
You have very sharp teeth.
Your uncanny sense of smell can sniff out nearby items.


Message History

You kill the killer bee!
The wight resists.
The wall freezes the wight.
You feel sick.
The wight resists.
The wall freezes the wight.
There is an escape hatch in the ceiling here.
The wight resists.
The wall freezes the wight.
A wight is nearby!
A wight is nearby!
A wight is nearby!
A wight is nearby!
A wight is nearby!
You feel sick.
The wight resists.
The wall freezes the wight.
The wight barely misses you.
There is an escape hatch in the ceiling here.
You barely miss the wight. You bite the wight, but do no damage.
The wight is severely damaged.
The wight resists.
The wall freezes the wight.
The wight hits you with a +3 flail of freezing!
* * * LOW HITPOINT WARNING * * *
You feel drained.
You die...

....# #..#####.# ....####
#..#####.#### .......#
#..##........ ....##.#
###########........#### .......#
#.........#.###.##.# ......##
#.#######.#........#
.....######.##### #.#####.####
###..........>..###.# #.#
#.#######....z@...# #.# #.#
#..##.##..# #.# ##+## #..##.##..#
#.# ##...## #.........# #.#
#.....## ##.###.#.## ##.###
.......## #..##.#.# #..#.## #
........####.......#####.#...####
........+.......................+
....>...####...#.#.####.......###


You could see a wight.

Vanquished Creatures
  A wyvern (D:6)
  Edmund (D:4)
  Duvessa (D:4)
  A sky beast (D:4)
  An orc warrior (D:6)
  2 ogres
  4 scorpions
  4 killer bees
  2 howler monkeys (D:4)
  A bullfrog zombie (D:5)
  2 hounds
  3 orc wizards
  2 iguanas (D:4)
  3 worker ants
  A worker ant zombie (D:4)
  A howler monkey skeleton (D:4)
  4 adders
  2 white imps (D:5)
  3 oozes
  A worm (D:3)
  2 dart slugs (D:2)
  3 leopard geckos
  22 orcs
  A giant cockroach (D:1)
  9 goblins
  9 hobgoblins
  9 jackals
  4 quokkas
  7 bats
  9 frilled lizards
  A giant cockroach zombie (D:4)
  A jackal zombie (D:3)
  3 kobolds
  A quokka zombie (D:6)
  10 rats
131 creatures vanquished.

Vanquished Creatures (collateral kills)
  An orc warrior (D:6)
  A black bear (D:6)
  A phantom (D:5)
  An ogre (D:4)
  Dowan (D:4)
  A water moccasin skeleton (D:5)
  A scorpion (D:4)
  An orc wizard (D:6)
  2 centaur skeletons (D:4)
  An orc priest (D:6)
  2 worker ants
  4 hound zombies
  A worker ant zombie (D:4)
  A white imp (D:5)
  An adder skeleton (D:4)
  An adder zombie (D:5)
  A leopard gecko (D:4)
  An orc (D:5)
  A giant cockroach zombie (D:4)
  A jackal zombie (D:4)
  A leopard gecko skeleton (D:4)
  3 leopard gecko zombies (D:4)
29 creatures vanquished.

Grand Total: 160 creatures vanquished

Notes
Turn   | Place    | Note
-------+----------+-------------------------------------------
     0 | D:1      | robertstho the Gnoll Ice Elementalist began the quest for
                  | the Orb.
     0 | D:1      | Reached XP level 1. HP: 13/13 MP: 6/6
   444 | D:1      | Reached XP level 2. HP: 19/19 MP: 7/7
  1061 | D:1      | Reached skill level 5 in Spellcasting
  1061 | D:1      | Reached XP level 3. HP: 25/25 MP: 7/9
  1598 | D:2      | Reached skill level 1 in Invocations
  1851 | D:2      | Noticed a moth of wrath
  1853 | D:2      | Found a bloodstained altar of Trog.
  1894 | D:2      | Learned a level 3 spell: Frozen Ramparts
  1898 | D:2      | Learned a level 3 spell: Ozocubu's Armour
  2013 | D:2      | Reached skill level 1 in Fighting
  2013 | D:2      | Reached skill level 1 in Short Blades
  2013 | D:2      | Reached skill level 1 in Long Blades
  2013 | D:2      | Reached skill level 1 in Axes
  2013 | D:2      | Reached skill level 1 in Maces & Flails
  2013 | D:2      | Reached skill level 1 in Polearms
  2013 | D:2      | Reached skill level 1 in Staves
  2013 | D:2      | Reached skill level 1 in Slings
  2013 | D:2      | Reached skill level 1 in Bows
  2013 | D:2      | Reached skill level 1 in Crossbows
  2013 | D:2      | Reached skill level 1 in Throwing
  2013 | D:2      | Reached skill level 1 in Armour
  2013 | D:2      | Reached skill level 1 in Shields
  2013 | D:2      | Reached skill level 1 in Unarmed Combat
  2013 | D:2      | Reached skill level 1 in Evocations
  2403 | D:3      | Reached XP level 4. HP: 12/32 MP: 7/11
  2772 | D:3      | Found a shadowy altar of Dithmenos.
  3001 | D:3      | Noticed an ogre
  3013 | D:3      | Killed an ogre
  3013 | D:3      | Reached skill level 1 in Conjurations
  3013 | D:3      | Reached skill level 1 in Hexes
  3013 | D:3      | Reached skill level 1 in Summonings
  3013 | D:3      | Reached skill level 1 in Necromancy
  3013 | D:3      | Reached skill level 1 in Translocations
  3013 | D:3      | Reached skill level 1 in Transmutations
  3013 | D:3      | Reached skill level 1 in Fire Magic
  3013 | D:3      | Reached skill level 1 in Air Magic
  3013 | D:3      | Reached skill level 1 in Earth Magic
  3013 | D:3      | Reached skill level 1 in Poison Magic
  3013 | D:3      | Reached XP level 5. HP: 20/37 MP: 8/12
  3019 | D:3      | Learned a level 4 spell: Hailstorm
  3189 | D:3      | Reached XP level 6. HP: 43/44 MP: 7/13
  3198 | D:3      | Learned a level 4 spell: Summon Ice Beast
  3692 | D:4      | Reached skill level 5 in Dodging
  3720 | D:4      | Noticed a sky beast
  3729 | D:4      | Killed a sky beast
  3876 | D:4      | Reached XP level 7. HP: 40/50 MP: 10/15
  3951 | D:4      | Noticed Edmund
  3986 | D:4      | Killed Edmund
  4317 | D:4      | Reached skill level 5 in Stealth
  4901 | D:4      | Noticed Dowan
  4902 | D:4      | Noticed Duvessa
  4913 | D:4      | Killed Duvessa
  4913 | D:4      | Reached XP level 8. HP: 58/58 MP: 5/16
  4921 | D:4      | Killed Dowan
  5518 | D:5      | Entered Level 5 of the Dungeon
  5677 | D:5      | Found a broken altar of Ashenzari.
  6726 | D:5      | Found an iron altar of Okawaru.
  7021 | D:6      | Found a hazy altar of Hepliaklqana.
  7148 | D:6      | Reached XP level 9. HP: 46/65 MP: 8/18
  7806 | D:6      | Found a stormy altar of Qazlal.
  8023 | D:7      | Reached skill level 8 in Ice Magic
  8031 | D:6      | HP: 3/65 [wight/+3 flail of freezing (12)]
  8031 | D:6      | Slain by a wight

Illustrated notes

Levels and vault maps discovered:
D:1:      matt_arrival_los_fun, layout_basic, hangedman_decor_opposing,
          minmay_misc_feat_nine_boxes
D:2:      layout_basic, tgw_trog
D:3:      layout_loops_ring, lemuel_doored_altar, minmay_misc_feat_doors,
          bh_walls_and_bars
D:4:      layout_basic, serial_undead, serial_undead_a, serial_undead_a,
          serial_undead_e, serial_undead_d, uniq_edmund, uniq_duvessa
D:5:      layout_rooms, okawaru_altar_gauntlet_db, evilmike_ruin_ashenzari
D:6:      layout_loops_corners, kennysheep_mini_moat, basic_altar
D:7:      layout_cave_pools, kennysheep_vampire_church,
          nicolae_overflow_crystal_walls, minmay_temple_entry_statues_pillars,
          ebering_ghost_reflecting_pool, kennysheep_donut,
          minmay_guarded_unrand_staff_of_olgreb

Skill      XL: |  1  2  3  4  5  6  7  8  9 |
---------------+----------------------------+-----
Spellcasting   | 5 6 |  6.6
Invocations    | 1 2 3 4 |  4.6
Fighting       | 1 2 3 4 |  4.1
Short Blades   | 1 2 3 4 |  4.1
Long Blades    | 1 2 3 4 |  4.1
Axes           | 1 2 3 4 |  4.1
Maces & Flails | 1 2 3 4 |  4.1
Polearms       | 1 2 3 4 |  4.1
Staves         | 1 2 3 4 |  4.1
Slings         | 1 2 3 4 |  4.1
Bows           | 1 2 3 4 |  4.1
Crossbows      | 1 2 3 4 |  4.1
Throwing       | 1 2 3 4 |  4.1
Armour         | 1 2 3 4 |  4.1
Shields        | 1 2 3 4 |  4.1
Unarmed Combat | 1 2 3 4 |  4.1
Evocations     | 1 2 3 4 |  4.1
Conjurations   | 1 2 3 |  3.4
Hexes          | 1 2 3 |  3.4
Summonings     | 1 2 3 |  3.4
Necromancy     | 1 2 3 |  3.4
Translocations | 1 2 3 |  3.4
Transmutations | 1 2 3 |  3.4
Fire Magic     | 1 2 3 |  3.4
Air Magic      | 1 2 3 |  3.4
Earth Magic    | 1 2 3 |  3.4
Poison Magic   | 1 2 3 |  3.4
Dodging        | 5 6 |  6.2
Stealth        | 5 6 |  6.0
Ice Magic      | 8 |  8.0

Action                   |  1- 3 |  4- 6 |  7- 9 || total
-------------------------+-------+-------+-------++-------
Melee: Unarmed           |    20 |       |       ||    20
       Dagger            |    87 |    40 |   128 ||   255
       Bite              |    11 |     2 |    18 ||    31
 Cast: Freeze            |     3 |       |     2 ||     5
       Frozen Ramparts   |     6 |    17 |    31 ||    54
       Summon Ice Beast  |       |     3 |    28 ||    31
       Hailstorm         |       |       |     2 ||     2
  Use: Potion            |       |       |     7 ||     7
       Scroll            |       |       |     5 ||     5
 Stab: Sleeping          |    13 |     2 |       ||    15
Armor: Robe              |    12 |     5 |    15 ||    32
Dodge: Dodged            |    80 |    37 |   144 ||   261

Table legend: (Time is in decaauts)
 A = Elapsed time spent in this place.
 B = Non-inter-level travel time spent in this place.
 C = Inter-level travel time spent in this place.
 D = Time resting spent in this place.
 E = Time spent auto-exploring this place.
 F = Levels seen in this place.
 G = Mean time per level.
                   A        B        C        D        E       F      G
               +--------+--------+--------+--------+--------+-----+--------+
         Total |   8009 |   7763 |    246 |      0 |   6381 |   7 | 1144.1 |
       Dungeon |   8009 |   7763 |    246 |      0 |   6381 |   7 | 1144.1 |
               +--------+--------+--------+--------+--------+-----+--------+

Top non-repeatable levels by time:
     D:4: 1926 daAuts
     D:1: 1412 daAuts
     D:6: 1258 daAuts
     D:5: 1240 daAuts
     D:3: 1197 daAuts
     D:2: 965 daAuts
     D:7: 8 daAuts
